Map: Capullo de rosa EE

Players

kaotan

  • Race: Protoss Protoss
  • Spawn Location: 11:00

KingPhoenix

  • Race: Terran Terran
  • Spawn Location: 11:00

DrexBanner

  • Race: Terran Terran
  • Spawn Location: 11:00

TATORREA

  • Race: Protoss Protoss
  • League: Silver
  • Spawn Location: 5:00

tigro

  • Race: Terran Terran
  • League: Bronze
  • Spawn Location: 5:00

MrFercho

  • Race: Zerg Zerg
  • League: Silver
  • Spawn Location: 5:00

VOD

Have the link to the VOD?

Description

Time

  • Played on: June 4, 2020, 9:12 p.m.
  • Length: 20:58
Show
View Real Time Build Order
Export as new Build Order

kaotan Protoss 

Build Orders: Carriers 

Get SALT Encoding   

  12  0:01  Probe (Chrono Boost)  
  13  0:22  Probe  
  13  0:27  Assimilator  
  14  0:30  Pylon  
  14  0:34  Probe  
  15  0:48  Probe  
  16  0:58  Gateway  
  16  1:00  Probe  
  16  1:03  Pylon  
  17  1:15  Forge  
  17  1:25  Probe  
  18  1:30  Assimilator  
  18  1:37  Probe  
  19  1:47  Cybernetics Core  
  19  1:59  Photon Cannon  
  19  2:26  Nexus  
  19  2:38  Photon Cannon  
  19  2:48  Probe (Chrono Boost)  
  19  2:50  Pylon  
  20  2:54  Pylon  
  20  3:09  Assimilator  
  20  3:13  Shield Battery  
  20  3:16  Photon Cannon  
  20  3:21  Probe  
  21  3:37  Stargate  
  21  3:43  Stargate  
  22  3:48  Probe (Chrono Boost)  
  23  3:56  Probe (Chrono Boost)  
  23  3:58  Pylon  
  24  4:11  Probe x2 (Chrono Boost)  
  25  4:19  Protoss Air Weapons Level 1  
  26  4:24  Probe (Chrono Boost)  
  26  4:25  Phoenix  
  26  4:27  Probe (Chrono Boost)  
  29  4:35  Photon Cannon  
  29  4:37  Probe  
  30  4:40  Probe  
  31  4:54  Probe x2  
  31  4:58  Phoenix  
  35  5:05  Phoenix  
  35  5:06  Probe  
  38  5:23  Phoenix (Chrono Boost)  
  40  5:31  Phoenix (Chrono Boost)  
  42  5:36  Stargate  
  42  5:39  Probe  
  43  5:46  Phoenix (Chrono Boost)  
  43  5:47  Probe  
  46  5:51  Probe  
  46  5:56  Phoenix (Chrono Boost)  
  47  5:59  Probe  
  47  6:03  Probe, Phoenix  
  53  6:18  Phoenix  
  55  6:28  Phoenix  
  57  6:43  Phoenix  
  59  6:47  Probe  
  59  6:48  Probe  
  59  6:51  Assimilator  
  59  6:53  Phoenix  
  63  6:59  Probe  
  63  7:00  Probe  
  65  7:07  Nexus  
  65  7:12  Pylon  
  65  7:13  Phoenix  
  65  7:14  Pylon  
  67  7:18  Pylon  
  67  7:19  Assimilator  
  67  7:24  Phoenix  
  67  7:25  Phoenix  
  67  7:42  Probe  
  68  7:44  Fleet Beacon  
  68  7:53  Photon Cannon  
  68  7:54  Photon Cannon  
  68  7:57  Stargate  
  68  8:01  Photon Cannon  
  68  8:03  Shield Battery  
  68  8:09  Photon Cannon  
  68  8:12  Probe (Chrono Boost)  
  70  8:16  Probe (Chrono Boost)  
  70  8:21  Phoenix  
  70  8:26  Probe x2 (Chrono Boost)  
  75  8:30  Probe (Chrono Boost), Stargate  
  75  8:39  Shield Battery  
  75  8:42  Photon Cannon  
  75  8:46  Probe (Chrono Boost)  
  75  8:48  Probe (Chrono Boost)  
  78  8:50  Probe (Chrono Boost)  
  78  8:58  Probe (Chrono Boost), Anion Pulse-Crystals  
  78  8:59  Probe (Chrono Boost)  
  78  9:02  Probe (Chrono Boost)  
  81  9:05  Pylon  
  81  9:07  Pylon  
  81  9:10  Pylon  
  81  9:13  Probe x2  
  81  9:14  Probe, Pylon  
  84  9:25  Probe x2  
  84  9:26  Probe, Carrier  
  84  9:31  Assimilator  
  93  9:40  Photon Cannon  
  93  9:41  Photon Cannon  
  93  9:47  Carrier (Chrono Boost)  
  105  10:00  Carrier (Chrono Boost)  
  105  10:05  Carrier (Chrono Boost)  
  111  10:07  Probe (Chrono Boost)  
  112  10:17  Probe (Chrono Boost)  
  113  10:26  Protoss Air Weapons Level 2 (Chrono Boost)  
  113  10:40  Carrier x2 (Chrono Boost)  
  125  11:05  Mothership  
  133  11:14  Nexus  
  133  11:17  Pylon  
  133  11:20  Pylon  
  133  11:24  Pylon  
  133  11:27  Assimilator  
  133  11:32  Assimilator  
  131  11:59  Carrier x3  
  149  12:03  Photon Cannon  
  149  12:06  Photon Cannon  
  149  12:07  Photon Cannon  
  145  12:29  Carrier x2  
  157  12:36  Pylon  
  157  12:39  Pylon  
  157  12:41  Nexus  
  157  12:45  Assimilator  
  157  12:50  Assimilator  
  157  12:54  Pylon  
  157  13:03  Carrier  
  163  13:09  Photon Cannon  
  163  13:10  Photon Cannon  
  163  13:12  Photon Cannon x2  
  159  13:15  Photon Cannon  
  158  13:31  Probe (Chrono Boost)  
  159  13:41  Probe (Chrono Boost), Pylon  
  160  13:45  Shield Battery  
  160  13:46  Probe (Chrono Boost), Shield Battery  
  161  13:56  Pylon  
  161  13:59  Pylon  
  161  14:20  Photon Cannon  
  161  14:21  Photon Cannon  
  161  14:22  Photon Cannon  
  161  14:38  Gateway  
  161  14:39  Gateway  
  161  14:44  Nexus  
  161  14:47  Assimilator  
  161  14:52  Assimilator  
  161  15:05  Probe  
  162  15:07  Carrier  
  168  15:17  Probe  
  169  15:32  Photon Cannon  
  165  16:04  Probe (Chrono Boost)  
  165  16:13  Probe (Chrono Boost)  
  165  16:15  Carrier x4  
  190  16:18  Probe (Chrono Boost)  
  185  16:34  Pylon  
  185  16:38  Pylon  
  185  16:42  Pylon  
  185  16:53  Photon Cannon  
  185  16:54  Photon Cannon x2  
  185  16:57  Photon Cannon  
  185  16:59  Photon Cannon  
  185  17:08  Photon Cannon x2  
  185  17:14  Photon Cannon  
  185  17:15  Photon Cannon  
  184  17:16  Shield Battery  
  184  17:19  Carrier  
  184  17:21  Phoenix x3  
  179  17:46  Phoenix x2  
  179  17:48  Phoenix  
  180  17:55  Mothership  
  175  19:11  Phoenix x4  
  183  19:36  Phoenix x4  
  191  19:49  Probe  
  192  20:00  Phoenix  
  192  20:01  Probe, Phoenix x2  
  197  20:13  Probe  
  192  20:22  Phoenix  
  192  20:25  Probe, Phoenix  
  192  20:26  Phoenix  
Show
View Real Time Build Order
Export as new Build Order

KingPhoenix Terran 

Build Orders:  

Get SALT Encoding   

  12  0:02  SCV  
  13  0:18  SCV, Supply Depot  
  14  0:30  SCV  
  15  0:39  Refinery  
  15  0:44  Barracks  
  15  0:50  SCV  
  16  1:02  SCV  
  17  1:14  SCV  
  18  1:26  SCV  
  19  1:37  Supply Depot  
  19  1:39  SCV  
  20  1:51  SCV  
  20  1:52  Marine  
  22  2:03  SCV  
  22  2:06  Supply Depot  
  23  2:10  Marine  
  23  2:15  SCV  
  25  2:28  Marine  
  26  2:40  Supply Depot  
  26  2:46  Marine  
  27  2:52  SCV  
  28  2:59  Refinery  
  28  3:04  SCV  
  30  3:06  Engineering Bay  
  30  3:09  Supply Depot  
  30  3:19  Barracks Reactor  
  29  3:25  Barracks  
  29  3:33  Supply Depot  
  29  4:09  Factory  
  30  4:10  SCV  
  30  4:12  Marine x2  
  32  4:20  Terran Infantry Weapons Level 1  
  32  4:22  SCV  
  33  4:25  Barracks Tech Lab  
  33  4:30  Marine x2  
  35  4:33  Barracks  
  35  4:45  Combat Shield  
  35  4:48  Marine x2  
  35  4:49  Marine  
  38  5:06  Marine x2  
  38  5:07  Marine  
  40  5:08  Factory Tech Lab  
  40  5:23  Marine  
  40  5:24  Marine x2  
  43  5:31  Barracks Reactor  
  43  5:38  Siege Tank  
  43  5:41  Marine  
  43  5:42  Marine  
  48  5:59  Marine  
  49  6:04  Stimpack  
  49  6:06  Command Center  
  49  6:10  Siege Tank  
  52  6:43  Siege Tank  
  55  7:18  SCV  
  56  7:26  Supply Depot  
  56  7:29  Siege Tank  
  59  7:30  SCV  
  59  7:33  Marine  
  59  7:34  Marine  
  59  7:35  Marine x2  
  64  7:42  SCV  
  65  7:51  Marine  
  66  7:54  SCV  
  67  8:04  Siege Tank  
  70  8:07  SCV  
  71  8:17  Refinery  
  71  8:19  SCV  
  72  8:31  SCV  
  73  8:36  Siege Tank  
  76  8:43  SCV  
  76  8:45  Supply Depot  
  77  8:55  SCV  
  78  9:07  SCV  
  78  9:08  Siege Tank  
  82  9:19  SCV  
  83  9:32  Starport  
  83  9:34  Hi-Sec Auto Tracking  
  83  9:40  SCV, Siege Tank  
  87  9:47  Refinery  
  87  9:52  SCV  
  88  10:04  SCV  
  89  10:12  Siege Tank  
  92  10:16  SCV  
  93  10:53  SCV  
  94  10:59  Supply Depot  
  94  11:20  SCV, Siege Tank  
  70  12:24  Siege Tank  
  70  12:28  Marine  
  74  12:46  Marine  
  75  12:56  Siege Tank  
  58  13:28  Siege Tank  
  61  13:44  Command Center  
  61  14:00  Siege Tank  
  52  14:24  Marine x2  
  52  14:25  Marine x2  
  52  14:26  Marine  
  54  14:32  Siege Tank  
  57  14:42  Marine  
  57  14:43  Marine x2  
  60  15:01  Marine  
  56  16:15  Refinery  
  56  17:25  Command Center  
  56  17:57  Armory  
  56  18:20  Command Center  
  56  18:51  Starport Tech Lab  
  56  19:08  SCV, Supply Depot  
  57  19:21  SCV  
  58  19:33  SCV  
  59  19:45  SCV  
  60  19:55  Banshee  
  60  19:57  SCV  
  64  20:09  Supply Depot  
  64  20:13  SCV  
  65  20:17  Refinery  
  65  20:19  Refinery  
  65  20:20  SCV  
  66  20:25  SCV, Supply Depot  
  67  20:32  SCV  
  68  20:37  SCV  
  72  20:43  Supply Depot  
  72  20:44  SCV  
Show
View Real Time Build Order
Export as new Build Order

DrexBanner Terran 

Build Orders:  

Get SALT Encoding   

  12  0:02  SCV  
  13  0:15  Supply Depot  
  13  0:18  SCV  
  14  0:31  SCV  
  15  0:40  Barracks  
  15  0:46  SCV  
  16  0:54  Refinery  
  16  0:58  SCV  
  17  1:11  SCV  
  18  1:23  SCV  
  19  1:35  SCV  
  19  1:36  Supply Depot, Refinery  
  20  1:40  Marine  
  21  1:47  SCV  
  22  1:58  Marine  
  22  1:59  SCV  
  24  2:05  Factory  
  24  2:11  SCV  
  25  2:23  SCV  
  26  2:52  Starport  
  26  2:53  Command Center, Widow Mine  
  28  3:00  Barracks Reactor  
  28  3:14  Widow Mine  
  30  3:38  Fusion Core, Starport Tech Lab  
  30  3:54  Orbital Command  
  30  4:05  Widow Mine  
  32  4:10  SCV  
  32  4:11  Supply Depot  
  33  4:22  SCV  
  34  4:25  Battlecruiser  
  40  4:34  SCV, Refinery  
  40  4:35  SCV  
  42  4:45  Weapon Refit  
  42  4:46  SCV  
  42  4:47  SCV  
  42  4:50  Supply Depot  
  42  4:51  Factory Tech Lab  
  44  4:58  SCV  
  44  4:59  SCV  
  46  5:11  SCV  
  47  5:19  Siege Tank  
  50  5:24  SCV  
  51  6:40  Battlecruiser  
  51  6:42  Siege Tank  
  54  7:01  SCV  
  54  7:07  Refinery  
  55  7:13  SCV  
  56  7:25  SCV  
  57  7:38  SCV  
  57  7:44  Medivac  
  60  7:50  SCV  
  61  8:00  Command Center  
  61  8:15  Supply Depot  
  61  8:18  Medivac  
  61  8:19  Siege Tank  
  66  8:33  Factory  
  66  8:38  Supply Depot  
  66  8:51  Siege Tank  
  69  8:56  SCV  
  69  9:01  Supply Depot  
  70  9:08  SCV  
  71  9:12  Armory  
  71  9:15  Battlecruiser  
  77  9:20  SCV  
  77  9:23  Supply Depot, Siege Tank  
  81  9:29  Engineering Bay  
  81  9:31  SCV  
  81  9:33  SCV  
  81  9:36  Factory Tech Lab  
  83  9:44  SCV  
  83  9:45  SCV  
  85  9:56  SCV  
  86  10:08  SCV  
  87  10:20  SCV  
  88  10:56  Terran Infantry Armor Level 1  
  88  11:03  SCV  
  89  11:08  Refinery  
  89  11:13  Refinery  
  89  11:15  SCV, Liberator  
  93  11:18  Terran Vehicle And Ship Armor Level 1  
  93  11:27  SCV  
  93  11:29  Starport  
  94  11:39  SCV  
  95  11:58  Liberator  
  98  12:39  Missile Turret  
  98  12:50  Terran Infantry Weapons Level 1  
  98  13:00  Missile Turret  
  98  13:13  Terran Ship Weapons Level 1  
  98  13:18  Missile Turret  
  98  13:38  Missile Turret  
  98  13:44  SCV  
  98  13:46  Thor  
  98  13:47  Thor  
  111  13:50  Starport Tech Lab  
  111  13:53  Raven  
  113  13:56  SCV  
  113  13:58  Missile Turret  
  111  14:16  Missile Turret  
  111  14:28  Thor  
  111  14:30  Thor  
  120  14:50  Battlecruiser  
  112  15:23  SCV  
  113  15:35  SCV  
  114  15:47  SCV  
  115  15:59  SCV  
  117  16:11  SCV  
  114  16:33  Battlecruiser  
  114  16:34  Battlecruiser  
  114  16:36  Thor  
  132  16:44  Terran Ship Weapons Level 2, Thor  
  138  16:50  Armory  
  138  17:59  Missile Turret  
  138  18:18  Missile Turret  
  138  18:37  Missile Turret  
  138  18:45  Missile Turret  
  137  19:01  Terran Vehicle Weapons Level 1  
Show
View Real Time Build Order
Export as new Build Order

TATORREA Protoss 

Build Orders:  

Get SALT Encoding   

  12  0:01  Probe  
  13  0:22  Pylon  
  13  0:24  Probe  
  14  0:37  Probe  
  14  0:40  Assimilator  
  15  0:49  Probe  
  16  1:05  Gateway  
  16  1:07  Probe  
  17  1:20  Probe  
  18  1:33  Probe  
  19  1:41  Nexus  
  19  1:45  Probe  
  20  1:53  Cybernetics Core  
  20  2:03  Probe  
  20  2:06  Pylon  
  21  2:08  Assimilator  
  21  2:17  Probe  
  22  2:29  Probe  
  23  2:46  Probe  
  23  2:54  Probe  
  23  2:58  Warp Gate (Chrono Boost)  
  24  3:04  Probe  
  25  3:06  Probe  
  26  3:18  Gateway  
  26  3:20  Probe, Gateway  
  26  3:21  Probe, Gateway  
  26  3:24  Pylon  
  28  3:28  Pylon  
  28  3:42  Probe x2  
  30  3:50  Twilight Council  
  30  3:53  Forge  
  30  3:59  Probe x2  
  32  4:03  Pylon  
  32  4:14  Probe  
  32  4:15  Probe  
  34  4:20  Protoss Ground Weapons Level 1  
  34  4:26  Charge (Chrono Boost)  
  34  4:27  Probe x2  
  36  4:41  Stalker x3  
  36  4:42  Stalker  
  44  5:04  Probe x2  
  46  5:14  Assimilator  
  46  5:16  Probe x2  
  46  5:17  Assimilator  
  48  5:24  Stalker x3  
  48  5:25  Stalker  
  48  5:28  Probe x2  
  58  5:39  Robotics Facility  
  58  5:42  Robotics Facility  
  56  6:45  Stalker x3  
  56  6:46  Stalker  
  64  6:56  Probe x2  
  66  7:22  Probe x2  
  68  7:40  Stalker  
  70  7:58  Pylon  
  70  8:00  Nexus  
  70  8:02  Pylon x2  
  70  8:06  Pylon x2  
  70  8:14  Robotics Bay  
  70  8:15  Pylon  
  70  8:16  Stargate  
  70  8:17  Protoss Ground Weapons Level 2  
  70  8:21  Stargate  
  70  8:24  Blink  
  70  8:31  Probe x2  
  72  8:34  Protoss Air Weapons Level 1  
  72  8:43  Probe x2  
  74  8:59  Probe x2  
  76  9:03  Colossus  
  76  9:04  Colossus  
  88  9:11  Zealot  
  88  9:12  Zealot x2  
  88  9:13  Zealot  
  96  9:20  Templar Archives  
  96  9:23  Gateway  
  96  9:25  Gateway  
  96  9:28  Gateway  
  96  9:30  Gateway  
  96  9:32  Gateway  
  96  9:36  Probe  
  96  9:37  Probe x2  
  99  9:41  Gateway  
  99  9:43  Gateway  
  99  9:44  Assimilator  
  99  9:45  Void Ray x2  
  99  9:46  Gateway  
  99  9:48  Assimilator  
  99  9:50  Gateway  
  107  9:53  Gateway  
  107  9:57  Colossus  
  113  10:12  Fleet Beacon  
  113  10:17  Probe x2  
  113  10:18  Probe  
  116  10:28  Extended Thermal Lance  
  116  10:32  Protoss Air Armor Level 1  
  116  10:34  Colossus  
  122  10:42  Psionic Storm  
  122  10:48  Zealot x2  
  122  10:49  Zealot x3  
  132  11:09  Nexus  
  132  11:12  Protoss Ground Weapons Level 3 (Chrono Boost)  
  132  11:14  Pylon  
  132  11:17  Pylon  
  132  11:21  Pylon  
  132  11:25  Pylon  
  132  11:29  Pylon  
  132  11:31  Flux Vanes  
  132  11:33  Void Ray  
  132  11:39  Pylon  
  136  11:41  Zealot x3  
  136  11:42  Zealot x3  
  136  11:43  Pylon  
  136  11:44  High Templar  
  136  11:46  Zealot x3  
  156  11:47  Zealot x4  
  164  12:16  Phoenix (Chrono Boost)  
  164  12:17  Phoenix (Chrono Boost)  
  168  12:28  Anion Pulse-Crystals  
  168  12:34  Phoenix x2 (Chrono Boost), Protoss Air Weapons Level 2  
  172  12:47  High Templar x2  
  176  12:56  Phoenix  
  176  12:57  Phoenix  
  138  13:36  Phoenix x2  
  142  13:59  Zealot x2  
  142  14:00  Zealot x3, Assimilator x2  
  142  14:01  Phoenix x2, Zealot x3  
  142  14:02  Zealot x4  
  168  14:03  Zealot x2  
  168  14:26  Phoenix x2  
  154  14:47  Zealot  
  154  14:48  Zealot x4  
  154  14:49  Zealot x3  
  154  14:50  Zealot x3  
  154  14:51  Phoenix x2, Zealot x2  
  154  14:52  Zealot  
  186  15:03  Protoss Ground Armor Level 1 (Chrono Boost)  
  186  15:16  Zealot  
  186  15:17  Zealot x3  
  186  15:18  Zealot  
  186  15:19  Zealot x3  
  186  15:20  Protoss Air Weapons Level 3  
  154  15:56  Phoenix x2  
  158  16:01  Zealot  
  158  16:03  High Templar  
  162  16:04  High Templar x2  
  162  16:05  High Templar  
  162  16:06  High Templar x2  
  162  16:10  Zealot x3  
  162  16:11  Zealot x3  
  182  16:12  Zealot  
  182  16:17  Immortal  
  190  16:21  Phoenix x2  
  194  16:46  Phoenix x2  
  198  17:05  Protoss Shields Level 1  
  198  17:10  Nexus  
  198  17:11  Phoenix  
  200  17:36  Phoenix  
  150  17:56  Phoenix  
  152  18:01  Phoenix  
  154  18:15  Protoss Air Armor Level 2  
  154  18:20  Phoenix  
  154  18:26  Phoenix  
  156  18:45  Phoenix  
  150  18:51  Phoenix  
  62  19:10  Phoenix  
  62  19:16  Phoenix  
  62  19:35  Phoenix  
  62  19:37  Stalker  
  62  19:38  Stalker x2  
  68  19:39  Stalker x3  
  68  19:40  Stalker x3  
  68  19:41  Stalker x2  
  68  19:42  Stalker  
  68  19:43  Stalker x2  
  60  20:16  Stalker x3  
  60  20:17  Stalker x3  
  60  20:18  Stalker x2  
  60  20:19  Stalker x4  
  60  20:20  Stalker x2  
Show
View Real Time Build Order
Export as new Build Order

tigro Terran 

Build Orders:  

Get SALT Encoding   

  12  0:03  SCV  
  13  0:15  SCV  
  14  0:21  Supply Depot  
  14  0:27  Refinery  
  14  0:30  SCV  
  15  0:44  SCV  
  16  0:52  Barracks  
  16  0:58  SCV  
  17  1:10  SCV  
  18  1:12  Refinery  
  18  1:23  SCV  
  19  1:27  Supply Depot  
  19  1:35  SCV  
  20  1:43  Marine  
  21  1:57  SCV  
  22  2:01  Marine  
  23  2:09  Barracks  
  23  2:19  Marine  
  24  2:34  SCV  
  25  2:37  Marine  
  26  2:48  Orbital Command  
  26  2:51  Engineering Bay  
  26  2:55  Marine  
  27  2:59  Barracks Tech Lab  
  27  3:18  SCV  
  28  3:26  Barracks Tech Lab  
  28  3:28  Combat Shield  
  28  3:30  SCV  
  29  3:42  Terran Infantry Weapons Level 1  
  29  3:44  Factory  
  29  4:05  Stimpack  
  29  4:14  Command Center  
  29  4:23  Marine  
  30  4:26  Marine  
  31  4:32  Factory Tech Lab  
  31  4:41  Marine  
  31  4:44  Marine  
  33  4:47  Concussive Shells  
  33  4:51  Starport  
  33  4:59  Marine  
  34  5:02  Marine  
  35  5:17  Marine, Siege Tank  
  35  5:19  Marine  
  40  5:32  Armory  
  40  5:34  Marine  
  41  5:36  SCV, Terran Infantry Armor Level 1  
  42  5:48  SCV, Missile Turret  
  42  5:49  Widow Mine  
  45  6:00  SCV  
  40  6:12  SCV  
  40  6:24  SCV  
  41  6:45  Refinery  
  41  6:49  Refinery  
  41  6:54  Starport Tech Lab  
  41  7:02  Fusion Core  
  41  7:04  Planetary Fortress  
  41  7:27  Drilling Claws  
  41  7:30  Neosteel Armor  
  41  7:31  Widow Mine  
  43  7:51  SCV  
  43  7:52  Widow Mine  
  43  7:56  Weapon Refit  
  46  8:00  Medivac  
  46  8:04  SCV  
  49  8:13  Widow Mine  
  49  8:16  SCV  
  52  8:28  SCV  
  52  8:30  Battlecruiser  
  59  8:35  Widow Mine  
  59  8:40  SCV  
  62  8:45  Smart Servos  
  62  8:59  Supply Depot  
  62  9:14  Command Center  
  62  9:21  Widow Mine  
  62  9:22  Supply Depot  
  64  9:26  Marine x2  
  66  9:35  Hi-Sec Auto Tracking  
  66  9:41  Rapid Reignition System  
  66  9:43  Marine  
  66  9:44  Marine  
  68  10:01  Marine x2  
  68  10:04  Mag-Field Accelerator  
  70  10:19  Marine x2  
  72  10:25  Missile Turret  
  72  10:32  Terran Infantry Weapons Level 2  
  72  10:37  Advanced Ballistics, Marine x2  
  72  10:42  SCV  
  75  10:45  Missile Turret  
  75  10:54  SCV, Refinery  
  75  10:55  SCV  
  77  11:06  SCV  
  77  11:07  SCV  
  77  11:10  Widow Mine  
  81  11:15  Medivac  
  81  11:16  Refinery  
  83  11:19  SCV x2  
  83  11:23  Missile Turret  
  85  11:31  SCV x2  
  85  11:32  Widow Mine  
  89  11:43  SCV  
  89  11:44  Infernal Pre-Igniter  
  89  11:46  Missile Turret  
  90  11:48  Battlecruiser  
  90  11:53  Widow Mine  
  71  12:05  Marine x2  
  71  12:06  Missile Turret  
  73  12:15  Widow Mine  
  75  12:23  Marine x2  
  77  12:30  Missile Turret  
  77  12:36  Widow Mine  
  79  12:41  Marine x2  
  81  12:48  Terran Infantry Armor Level 2  
  81  12:52  Battlecruiser  
  87  12:58  Marine  
  87  12:59  Marine  
  89  13:16  Marine x2  
  91  13:34  Marine x2  
  91  13:40  Missile Turret  
  93  14:01  Missile Turret  
  93  14:47  Marine x2  
  93  14:48  Battlecruiser  
  95  15:05  Marine x2  
  71  15:52  Battlecruiser  
  72  16:15  Marine x2  
  74  16:33  Marine x2  
  76  16:44  Widow Mine  
  78  16:51  Marine x2  
  80  16:56  Battlecruiser  
  86  17:05  Widow Mine  
  88  17:09  Marine x2  
  86  17:26  Widow Mine  
  86  17:27  Marine x2  
  60  17:44  Marine  
  60  17:45  Marine  
  60  17:48  Widow Mine  
  64  18:00  Battlecruiser  
  70  18:09  Widow Mine  
  72  18:31  Widow Mine  
  68  18:52  Widow Mine  
  60  19:04  Battlecruiser  
  66  19:13  Widow Mine  
  61  19:35  Marine x2  
  63  19:53  Marine x2  
  65  20:08  Medivac  
  65  20:11  Marine x2  
  48  20:29  Marine  
  41  20:55  Missile Turret  
Show
View Real Time Build Order
Export as new Build Order

MrFercho Zerg 

Build Orders: Pool First 

Get SALT Encoding   

  12  0:01  Drone  
  13  0:12  Drone  
  14  0:29  Extractor  
  14  0:30  Drone x2, Extractor  
  16  0:40  Spawning Pool  
  15  0:45  Extractor  
  15  0:48  Overlord  
  14  1:07  Drone x3  
  17  1:25  Extractor  
  16  1:26  Drone  
  16  1:29  Queen  
  19  1:35  Drone  
  20  1:58  Hatchery  
  20  2:00  Drone  
  20  2:01  Drone  
  21  2:03  Metabolic Boost  
  21  2:09  Evolution Chamber  
  20  2:24  Drone x2  
  20  2:25  Overlord  
  22  2:35  Zerg Melee Weapons Level 1  
  22  2:44  Zergling x2  
  22  2:45  Zergling x4  
  25  2:53  Drone x2  
  27  3:06  Drone  
  28  3:13  Drone  
  29  3:20  Queen  
  31  3:42  Zergling x2  
  31  3:43  Zergling x8  
  36  3:57  Hatchery, Drone  
  36  4:01  Overlord  
  36  4:23  Zergling x12  
  42  4:29  Drone  
  42  4:30  Drone  
  33  5:18  Drone x3  
  33  5:19  Drone x3  
  39  5:24  Lair  
  39  5:25  Extractor x2  
  37  5:30  Zerg Ground Armor Level 1  
  37  5:34  Drone x2  
  33  5:50  Spore Crawler  
  33  5:53  Spore Crawler  
  33  5:56  Spore Crawler  
  27  6:11  Drone  
  27  6:12  Drone x7  
  28  6:32  Spire  
  24  6:39  Drone x9  
  32  6:40  Drone  
  31  6:50  Spore Crawler  
  31  6:52  Spore Crawler  
  29  7:01  Spore Crawler  
  28  7:19  Queen  
  30  7:32  Queen, Drone x3  
  35  7:48  Zerg Flyer Weapons Level 1  
  35  7:53  Corruptor  
  35  7:54  Corruptor x2  
  41  8:02  Drone x2  
  41  8:05  Drone  
  44  8:19  Drone  
  45  8:20  Drone x3  
  48  8:58  Drone x2  
  50  9:10  Overlord x3  
  50  9:11  Overlord  
  50  9:22  Hatchery  
  49  9:32  Overseer  
  49  9:44  Infestation Pit, Zerg Flyer Weapons Level 2  
  48  9:49  Drone  
  48  9:50  Drone x6  
  55  10:21  Hive, Spire  
  55  10:26  Corruptor  
  55  10:27  Corruptor  
  58  10:41  Drone x5  
  58  10:42  Drone  
  64  11:12  Hatchery, Drone  
  64  11:13  Drone x7  
  71  11:19  Overlord  
  63  12:15  Corruptor x8  
  65  12:16  Corruptor x4  
  87  12:39  Zerg Flyer Armor Level 1, Zerg Flyer Weapons Level 3  
  87  12:50  Mutalisk x4  
  95  12:54  Overlord  
  95  12:55  Overlord  
  95  13:09  Overseer  
  95  13:33  Spire  
  91  13:53  Corruptor x8  
  99  15:09  Greater Spire  
  99  15:46  Hatchery  
  98  15:58  Corruptor  
  98  15:59  Corruptor x6  
  98  16:01  Overlord  
  98  16:02  Overlord x4  
  112  16:18  Extractor  
  103  16:26  Extractor  
  92  16:38  Zerg Flyer Armor Level 2  
  92  16:50  Corruptor  
  92  16:51  Corruptor x5  
  98  18:15  Extractor  
  75  18:27  Spine Crawler  
  75  18:28  Spine Crawler  
  75  18:29  Spine Crawler  
  30  18:41  Corruptor  
  30  18:42  Corruptor x4  
  36  18:59  Spore Crawler x3  
  14  20:00  Hatchery  
  14  20:03  Extractor  
  12  20:12  Corruptor  
  12  20:13  Corruptor x3  
Tags
 
Add a new tag
Caveats
  • Supply blocks, unpowered buildings, or Contaminate may cause inaccurate times.
  • Supply counts are checked every 10 seconds.